 Dungeon Crawl Stone Soup version 0.20.1-1-g8b1a95d (webtiles) character file.

646 vineage the Slasher (level 7, 0/36 HPs)
             Began as a Vine Stalker Fighter on Oct 18, 2017.
             Slain by a slave (3 damage)
             ... led by Pikel
             ... on level 5 of the Dungeon.
             The game lasted 00:06:44 (3722 turns).

vineage the Slasher (Vine Stalker Fighter)          Turns: 3722, Time: 00:06:45

Health: 0/36       AC: 10    Str: 20    XL:     7   Next: 52%
Magic:  0/8        EV:  7    Int: 13    God:
Gold:   201        SH:  9    Dex: 14    Spells: 6/6 levels left

rFire    . . .     SeeInvis .   a - +0 long sword
rCold    . . .     Gourm    .   c - +0 shield
rNeg     . . .     Faith    .   b - +0 scale mail
rPois    .         Spirit   +   (no helmet)
rElec    .         Reflect  .   p - +0 cloak
rCorr    .         Harm     .   e - +0 pair of gloves
MR       .....                  (no boots)
Stlth    ..........             (no amulet)
Regen    0.6/turn               k - +2 ring of protection
MPRegen  0.2/turn               (no ring)

@: brilliant
A: fangs 2, regeneration 1, magic shield, antimagic bite, no potion heal 3, rot
immunity
a: no special abilities


You were on level 5 of the Dungeon.
You were hungry.

You visited 1 branch of the dungeon, and saw 5 of its levels.

You collected 201 gold pieces.

Inventory:

Hand Weapons
 a - a +0 long sword (weapon)
Armour
 b - a +0 scale mail (worn)
 c - a +0 shield (worn)
 e - a +0 pair of gloves (worn)
 p - a +0 cloak (worn)
Jewellery
 k - a +2 ring of protection (left hand)
 r - a cursed ring of loudness {unknown}
 s - a cursed ring of teleportation {unknown}
 v - an uncursed ring of protection from fire {unknown}
 C - an uncursed ring of protection from cold {unknown}
 E - an uncursed ring of fire {unknown}
Wands
 w - a wand of paralysis (23/24)
Scrolls
 h - a scroll of magic mapping {unknown}
 i - a scroll of blinking {unknown}
 j - 3 scrolls of recharging
 q - 2 scrolls of remove curse {unknown}
 t - 3 scrolls of teleportation
 u - a scroll of enchant weapon {unknown}
 x - a scroll of noise {unknown}
 y - a scroll of fear {unknown}
 A - 2 scrolls of identify
Potions
 m - 2 potions of ambrosia
 n - 3 potions of curing
 o - a potion of brilliance
 B - a potion of agility
 D - a potion of flight {unknown}
Comestibles
 f - a bread ration
 g - a royal jelly


   Skills:
 - Level 3.0 Fighting
 + Level 7.0 Long Blades
 - Level 2.7 Armour
 - Level 3.0 Shields


You had 6 spell levels left.
You didn't know any spells.

Dungeon Overview and Level Annotations

Branches:
Dungeon (5/15)
 Temple: D:4-7

Altars:
Ru

Shops:
D:4 (

Annotations:
D:5 Pikel


Innate Abilities, Weirdness & Mutations

You have extremely sharp teeth.
Your natural rate of healing is unusually fast.
When hurt, damage is shared between your health and your magic reserves.
Your bite disrupts and absorbs the magic of your enemies.
Potions cannot restore your health.
You are immune to rotting.


Message History

Pikel is severely wounded.
You feel less wooden.
Your +0 cloak unmelds from your body.
Your +0 pair of gloves unmelds from your body.
Your +0 scale mail unmelds from your body.
Pikel hits you with a whip of flaming.
* * * LOW HITPOINT WARNING * * *
Pikel burns you. The slave hits you but does no damage.
You block the slave's attack.
All of the chunks of flesh in your inventory have rotted away.
You have no ailments to cure.
The slave barely misses you. The slave hits you.
* * * LOW HITPOINT WARNING * * *
Pikel hits you with a whip of flaming.
* * * LOW HITPOINT WARNING * * *
Pikel burns you.
* * * LOW HITPOINT WARNING * * *
The slave hits you.
You die...

#.......# #.......###.
#######.# #..........#
#.......## #..........#
#.####...# #....†.....#
#.# #...# ##.#.......#
#.####...####.#.......#
#.............#.......#
#..###.p......#.......#
##+####
#.....@pKp....'.......'
#.....#
##.####.p.....#.......#
#.....#####.#
#...†...#.......#
#.....'.....#
#.......#.......#
#.)...#######
#.......#.......#
+.....'...#
#.......#########
#.....###.# #########
#.....# #.# #.....# #.#


You could see Pikel and 4 slaves.

Vanquished Creatures
  An ogre (D:5)
  A centaur (D:5)
  A scorpion (D:5)
  A crimson imp (D:5)
  An orc priest (D:3)
  Crazy Yiuf (D:2)
  Jessica (D:2)
  An iguana (D:4)
  2 worker ants
  A howler monkey skeleton (D:5)
  3 gnolls (D:2)
  7 adders
  A shadow imp (D:5)
  4 oozes
  2 worms
  A dart slug (D:4)
  4 leopard geckos
  9 orcs (D:3)
  2 giant cockroaches
  8 goblins
  13 hobgoblins
  3 jackals (D:4)
  7 kobolds
  A quokka (D:4)
  2 ball pythons (D:3)
  10 bats
  11 frilled lizards
  A quokka skeleton (D:4)
  9 rats
109 creatures vanquished.

Notes
Turn   | Place    | Note
-------+----------+-------------------------------------------
     0 | D:1      | vineage the Vine Stalker Fighter began the quest for the Orb.
     0 | D:1      | Reached XP level 1. HP: 11/11 MP: 2/2
    37 | D:1      | Reached XP level 2. HP: 8/16 MP: 3/3
   155 | D:1      | Reached skill level 2 in Long Blades
   273 | D:1      | Reached XP level 3. HP: 19/20 MP: 4/4
   952 | D:2      | Noticed Jessica
   962 | D:2      | Killed Jessica
   962 | D:2      | Reached skill level 3 in Long Blades
   962 | D:2      | Gained mutation: Your natural rate of healing is unusually fast. [Vine Stalker growth]
   962 | D:2      | Reached XP level 4. HP: 22/24 MP: 5/5
  1019 | D:2      | Found a runed door.
  1454 | D:2      | Reached XP level 5. HP: 24/28 MP: 6/6
  1464 | D:2      | Reached skill level 4 in Long Blades
  1710 | D:2      | Noticed Crazy Yiuf
  1714 | D:2      | Killed Crazy Yiuf
  1923 | D:3      | Reached XP level 6. HP: 32/32 MP: 7/7
  2078 | D:3      | Reached skill level 5 in Long Blades
  2423 | D:4      | Found a sacrificial altar of Ru.
  2672 | D:4      | Found Guva's Antique Weapon Emporium.
  3428 | D:5      | Entered Level 5 of the Dungeon
  3497 | D:5      | Reached skill level 6 in Long Blades
  3497 | D:5      | Reached XP level 7. HP: 32/36 MP: 8/8
  3657 | D:5      | Reached skill level 7 in Long Blades
  3663 | D:5      | Noticed Pikel
  3722 | D:5      | Slain by a slave

Skill      XL: |  1  2  3  4  5  6  7 |
---------------+----------------------+-----
Long Blades    | 2 3 4 6 7 |  7.0
Fighting       | 3 |  3.0
Shields        | 3 |  3.0
Armour         | |  2.7

Action                   |  1- 3 |  4- 6 |  7- 9 || total
-------------------------+-------+-------+-------++-------
Melee: Long sword        |    93 |   207 |    64 ||   364
       Bite              |    23 |    64 |    15 ||   102
  Use: Potion            |       |       |     6 ||     6
       Scroll            |       |       |     3 ||     3
  Eat: Chunk             |       |     7 |     2 ||     9
Armor: Scale mail        |    51 |    94 |    31 ||   176
       Skin              |       |       |    31 ||    31
Dodge: Dodged            |    24 |    56 |    17 ||    97
Block: Shield            |    46 |    88 |    60 ||   194
       Rpst.: Long sword |     7 |    17 |     4 ||    28
